 Dungeon Crawl Stone Soup version 0.31.0-12-g77e489cdc1 (webtiles) character file.

Game seed: 8628042268864331066

2569 Silvore the Basher (level 9, -7/112 HPs)
             Began as a Minotaur Fighter on Feb 27, 2024.
             Was a Priest of Zin.
             Killed by divine providence
             ... invoked by an orc priest
              (11 damage)
             ... on level 8 of the Dungeon.
             The game lasted 00:10:38 (5998 turns).

Silvore the Basher (Minotaur Fighter)               Turns: 5998, Time: 00:10:38

Health: -7/112     AC: 16    Str: 35    XL:     9   Next: 31%
Magic:  9/9        EV:  8    Int:  5    God:    Zin [***...]
Gold:   230        SH:  5    Dex:  8    Spells: 8/8 levels left

rFire   + . .        k - +1 mace (flame)
rCold   . . .        c - +0 buckler
rNeg    + . .        s - +0 plate armour
rPois   .            (helmet restricted)
rElec   .            (no cloak)
rCorr   .            (no gloves)
SInv    .            n - +1 pair of boots "Mumetos" {rF+ Str+4 Dex-2}
Will    .....        d - amulet of regeneration Stlth
                     h - +6 ring of strength
HPRegen 1.18/turn    q - ring of positive energy
MPRegen 0.11/turn

%: no passive effects
@: berserking, lethally poisoned (-7 -> -8), hasted, very quick
A: horns 2, retaliatory headbutt
a: Renounce Religion, Recite, Vitalisation, Imprison, Donate Gold


You were on level 8 of the Dungeon.
You worshipped Zin.
Zin was most pleased with you.
You visited 2 branches of the dungeon, and saw 10 of its levels.

You collected 390 gold pieces.
You donated 160 gold pieces to Zin.

Inventory:

Hand Weapons
 a - a +0 flail
 k - a +1 mace of flaming (weapon)
 p - the +3 spear of Foul Odours {flame, rElec Str+2}
   (You found it on level 3 of the Dungeon)

   Str+2:     It affects your strength (+2).
   rElec:     It insulates you from electricity.
Armour
 b - a +0 scale mail
 c - a +0 buckler (worn)
 g - a +1 pair of boots
 n - the +1 pair of boots "Mumetos" (worn) {rF+ Str+4 Dex-2}
   (You found it on level 3 of the Dungeon)

   Str+4:     It affects your strength (+4).
   Dex-2:     It affects your dexterity (-2).
   rF+:       It protects you from fire.
 s - a +0 plate armour (worn)
Jewellery
 d - an amulet of regeneration (around neck)
 h - a +6 ring of strength (left hand)
 i - a +6 ring of intelligence
 q - a ring of positive energy (right hand)
Potions
 e - 3 potions of attraction
 j - a potion of ambrosia
 m - a potion of brilliance {unknown}
 o - a potion of enlightenment {unknown}
 r - a potion of curing {unknown}
 t - 2 potions of haste


   Skills:
 + Level 6.2 Fighting
 + Level 9.8 Maces & Flails
 + Level 8.7 Armour
 + Level 2.3 Dodging
 + Level 1.1 Stealth
 + Level 6.8 Shields
 + Level 1.8 Invocations


You had 8 spell levels left.
You didn't know any spells.
Your spell library contained the following spells:

 Spells                   Type           Power      Damage    Failure   Level
 Stone Arrow              Conj/Erth      0%         3d7       100%        3
 Animate Armour           Summ/Erth      0%         N/A       100%        4
 Conjure Ball Lightning   Conj/Air       0%         3x3d6     100%        6
 Discord                  Hex            0%         N/A       100%        8
 Disjunction              Tloc           0%         N/A       100%        8
 Lehudib's Crystal Spear  Conj/Erth      0%         10d2      100%        8


Dungeon Overview and Level Annotations

Branches:
Dungeon (9/15)             Temple (1/1) D:6
   Lair: D:8-11         Orc: D:9-12

Altars:
Cheibriados
Dithmenos
Elyvilon
Gozag
Hepliaklqana
Kikubaaqudgha
Makhleb
Nemelex Xobeh
Okawaru
Qazlal
Ru
Sif Muna
Trog
Uskayaw
Vehumet
Wu Jian
Xom
Yredelemnul
Zin
The Shining One

Shops:
D:1 !

Annotations:
D:3 3 runed translucent doors, Poisondrake's ghost, amateur MfMo


Innate Abilities, Weirdness & Mutations

You have a pair of horns on your head.
You reflexively headbutt those who attack you in melee.


Message History

The killer bee stings you but does no damage.
The killer bee barely misses you.
You closely miss the orc wizard.
You feel sick.
The killer bee stings you but does no damage.
The killer bee stings you.
* * * LOW HITPOINT WARNING * * *
You closely miss the orc wizard.
You feel sick.
The killer bee stings you but does no damage.
You block the killer bee's attack.
The orc wizard hits you but does no damage.
Unknown command.
You sock the orc wizard! You burn the orc wizard.
The orc wizard is almost dead.
The killer bee stings you but does no damage.
You block the killer bee's attack.
Unknown command.
It was a potion of berserk rage.
A red film seems to cover your vision as you go berserk!
You feel yourself moving faster!
You feel mighty!
You feel sick.
The killer bee stings you but does no damage.
The killer bee stings you.
* * * LOW HITPOINT WARNING * * *
You block the orc wizard's attack.
You closely miss the orc wizard. You headbutt the orc wizard.
You kill the orc wizard!
You feel sick. The killer bee completely misses you. You furiously retaliate!
You headbutt the killer bee! The killer bee barely misses you.
You block the killer bee's attack.
You miss the wolf. Your headbutt misses the wolf.
The killer bee stings you but does no damage.
The wolf bites you but does no damage.
The killer bee stings you but does no damage. x2
You sock the wolf! You burn the wolf.
The wolf is severely wounded.
You feel sick. The wolf bites you.
* * * LOW HITPOINT WARNING * * *
The killer bee stings you but does no damage. x2
The orc priest calls down the wrath of Beogh upon you.
Beogh smites you!
You die...

.... ...
#.. ... ...
..#### ....
#o....
.....
oo#.##.....
#h#.#......
#@#..y.....
#yyy.....#
#.......##
#...##...#
#..##
#.....
..... .###.
...... .
....... #
.....#


You could see a wolf, 3 killer bees, an orc priest and 2 orcs.

Vanquished Creatures
  Pikel (D:7)
  Grinder (D:4)
  Edmund (D:4)
  2 black bears (D:5)
  An orc warrior (D:8)
  A wolf (D:8)
  3 ogres (D:5)
  A phantom (D:6)
  2 lemures (D:7)
  A bullfrog (D:6)
  A kobold brigand (D:6)
  3 killer bees (D:8)
  2 bombardier beetles
  A jelly (D:6)
  3 orc priests
  3 hounds (D:6)
  A sleepcap (D:5)
  3 iguanas
  4 orc wizards
  Robin (D:4)
  9 adders
  9 gnolls
  2 white imps
  4 ribbon worms
  2 dart slugs
  21 orcs
  3 bats
  8 endoplasms
  5 giant cockroaches
  11 goblins
  10 hobgoblins
  7 jackals
  10 kobolds
  4 quokkas
  8 ball pythons
  8 frilled lizards
  4 rats
161 creatures vanquished.

Vanquished Creatures (others)
  A human (D:5)
1 creature vanquished.

Grand Total: 162 creatures vanquished

Notes
Turn   | Place    | Note
-------+----------+-------------------------------------------
     0 | D:1      | Silvore the Minotaur Fighter began the quest for the Orb.
     0 | D:1      | Reached XP level 1. HP: 19/19 MP: 0/0
    92 | D:1      | Reached XP level 2. HP: 27/27 MP: 1/1
   322 | D:1      | Found Juuz Nol's Distillery.
   681 | D:1      | Reached XP level 3. HP: 33/33 MP: 2/2
  1056 | D:2      | Reached skill level 3 in Maces & Flails
  1342 | D:2      | Reached XP level 4. HP: 41/41 MP: 3/3
  1757 | D:3      | Found a hide-covered altar of Uskayaw.
  1781 | D:3      | Found a runed translucent gate.
  1781 | D:3      | Found a runed translucent gate.
  1781 | D:3      | Found a runed translucent gate.
  1781 | D:3      | Found an opulent altar of Gozag.
  1781 | D:3      | Noticed a scorpion
  1781 | D:3      | Noticed Poisondrake's ghost (amateur MfMo)
  1798 | D:3      | Reached skill level 4 in Maces & Flails
  1815 | D:3      | Noticed an orc warrior
  1947 | D:3      | Identified the +1 pair of boots "Mumetos" {rF+ Str+4 Dex-2}
  2003 | D:3      | Identified the +3 spear of Foul Odours {flame, rElec Str+2}
  2044 | D:3      | Found a faded altar of an unknown god.
  2172 | D:3      | Reached XP level 5. HP: 47/47 MP: 4/4
  2245 | D:3      | Reached skill level 5 in Maces & Flails
  2521 | D:3      | Reached skill level 1 in Dodging
  2773 | D:4      | Noticed Grinder
  2775 | D:4      | Paralysed by Grinder for 5 turns
  2789 | D:4      | Killed Grinder
  2790 | D:4      | Reached skill level 6 in Maces & Flails
  2790 | D:4      | Reached skill level 5 in Armour
  2790 | D:4      | Reached XP level 6. HP: 9/53 MP: 5/5
  3025 | D:4      | Noticed Edmund
  3039 | D:4      | Killed Edmund
  3040 | D:4      | Reached XP level 7. HP: 24/60 MP: 6/6
  3379 | D:4      | Noticed Robin
  3399 | D:4      | Killed Robin
  3975 | D:4      | Reached skill level 5 in Shields
  4072 | D:5      | Entered Level 5 of the Dungeon
  4090 | D:5      | Found an ancient bone altar of Kikubaaqudgha.
  4090 | D:5      | Noticed a human
  4094 | D:5      | Killed a human
  4110 | D:5      | Reached skill level 1 in Stealth
  4171 | D:5      | Reached skill level 5 in Fighting
  4263 | D:5      | Found a sacrificial altar of Ru.
  4308 | D:5      | Reached skill level 7 in Maces & Flails
  4359 | D:5      | Reached XP level 8. HP: 56/68 MP: 7/7
  4815 | D:6      | Found a staircase to the Ecumenical Temple.
  4828 | Temple   | Entered the Ecumenical Temple
  4849 | Temple   | Became a worshipper of Zin the Law-Giver
  4849 | Temple   | Reached * piety under Zin
  4852 | Temple   | Donated 121 gold pieces to Zin
  4908 | D:6      | Reached skill level 8 in Maces & Flails
  4916 | D:6      | Reached ** piety under Zin
  5624 | D:6      | Found an ornate altar of the Wu Jian Council.
  5801 | D:7      | Noticed Pikel
  5816 | D:7      | Killed Pikel
  5817 | D:7      | Reached skill level 9 in Maces & Flails
  5817 | D:7      | Reached skill level 1 in Invocations
  5817 | D:7      | Reached XP level 9. HP: 62/75 MP: 7/9
  5923 | D:7      | Found a glowing golden altar of the Shining One.
  5944 | D:7      | You fall into a shaft and drop 2 floors!
  5959 | D:9      | Reached *** piety under Zin
  5995 | D:8      | HP: 5/112 [killer bee (4)]
  5998 | D:8      | Killed from afar by an orc priest

Illustrated notes

Levels and vault maps discovered:
D:1:      ldierk_walled_garden, layout_basic, serial_shops,
          nicolae_shop_back_alley_shop, hangedman_decor_growths,
          bh_walls_and_bars
D:2:      layout_loops_ring
D:3:      layout_loops_ring, mainiacjoe_overflow_concentric_impassable,
          shapermc_ecumenical_altar_venn, ebering_ghost_gozag,
          kennysheep_path_1, minmay_unequal
D:4:      layout_layer_cave, uniq_edmund, uniq_grinder, uniq_robin
D:5:      layout_cave_pools, tgw_kikubaaqudgha, nicolae_ru_awakened_eye,
          serial_glass, glass_columns_b, glass_columns_b
D:6:      layout_basic, nicolae_wu_jian_glorious_leap,
          minmay_temple_entry_large_hall, kennysheep_dice
D:7:      layout_rooms, tso_metal_star, nicolae_ashenzari_skybound, uniq_pikel
D:8:      layout_cave_pools, fedhas_ov_isle_minmay, erik_lair_orcish_takeover,
          serial_shops, shop, nzn_life_drinkers
D:9:      layout_long_grid, serial_bayou_pond_c
Temple:   eino_wide_crystal_templ

Skill      XL: |  1  2  3  4  5  6  7  8 |
---------------+-------------------------+-----
Shields        | 4 5 6 |  6.8
Fighting       | 4 5 6 |  6.2
Armour         | 4 5 6 8 |  8.7
Maces & Flails | 3 4 6 7 9 |  9.8
Dodging        | 2 |  2.3
Stealth        | 1 |  1.1
Invocations    | 1 |  1.8

Action                     |  1- 3 |  4- 6 |  7- 9 || total
---------------------------+-------+-------+-------++-------
  Melee: Flail             |    85 |    19 |       ||   104
         Headbutt          |     5 |    25 |    38 ||    68
         Mace              |       |    98 |   211 ||   309
 Invoke: Recite            |       |       |     4 ||     4
         Donate Gold       |       |       |     1 ||     1
    Use: Scroll            |     1 |     5 |     3 ||     9
         Potion            |       |     2 |     3 ||     5
 Armour: Scale mail        |    49 |    50 |       ||    99
         Plate armour      |       |    42 |   306 ||   348
  Dodge: Dodged            |    37 |    64 |   135 ||   236
  Block: Buckler           |    22 |    23 |    70 ||   115
